 Dungeon Crawl Stone Soup version 0.24.1-14-gf8d2b509d9 (webtiles) character file.

Game seed: 251121246411104433, levelgen mode: deterministic

613 GimliDwarf the Stinger (level 7, -2/36 HPs)
             Began as a Tengu Venom Mage on May 25, 2023.
             Was a Believer of Qazlal.
             Shot with an arrow by a centaur (14 damage)
             ... on level 5 of the Dungeon.
             The game lasted 00:23:28 (5860 turns).

GimliDwarf the Stinger (Tengu Venom Mage)           Turns: 5860, Time: 00:23:29

Health: -2/36      AC:  4    Str:  9    XL:     7   Next: 44%
Magic:  5/14       EV: 16    Int: 17    God:    Qazlal [**....]
Gold:   254        SH:  2    Dex: 14    Spells: 0/14 levels left

rFire    . . .     SeeInvis .   p - +6 shillelagh "Devastator" {shatter}
rCold    . . .     Gourm    .   (no shield)
rNeg     . . .     Faith    .   a - +1 robe
rPois    .         Spirit   .   c - +1 hat
rElec    .         Reflect  .   (no cloak)
rCorr    .         Harm     .   (no gloves)
MR       .....                  (boots unavailable)
Stlth    ++........             (no amulet)
HPRegen  0.12/turn              (no ring)
MPRegen  0.14/turn              (no ring)

@: flying quickly and evasively, very slightly contaminated, quick
A: beak, talons 3, able to fly
a: Stop Flying, Upheaval, Renounce Religion


You were on level 5 of the Dungeon.
You worshipped Qazlal.
Qazlal was pleased with you.
You were not hungry.

You visited 1 branch of the dungeon, and saw 5 of its levels.

You collected 254 gold pieces.

Inventory:

Hand Weapons
 m - a +1 short sword of freezing
 p - the +6 shillelagh "Devastator" (weapon) {shatter}
   (You found it on level 4 of the Dungeon)
Missiles
 f - 7 curare-tipped darts
 i - 9 poisoned darts (quivered)
Armour
 a - a +1 robe (worn)
 c - a +1 hat (worn)
 j - a +1 cloak
Jewellery
 e - an uncursed ring of poison resistance {unknown}
Wands
 o - a wand of polymorph (7)
 q - a wand of disintegration (8)
Scrolls
 r - a scroll of teleportation
Potions
 b - 2 potions of curing
 d - a potion of berserk rage {unknown}
 g - 2 potions of brilliance
 h - 2 potions of flight {unknown}
 l - a potion of agility {unknown}
Comestibles
 k - 2 rations
 n - 2 chunks of flesh


   Skills:
 + Level 0.5 Short Blades
 * Level 3.7 Dodging
 - Level 2.0 Stealth
 * Level 4.2 Spellcasting
 * Level 3.3 Conjurations
 * Level 0.2 Fire Magic
 * Level 3.2 Air Magic
 * Level 5.3 Poison Magic


You couldn't memorise any spells.
You knew the following spells:

 Your Spells              Type           Power        Failure   Level  Hunger
a - Sting                 Conj/Pois      ###.         2%          1    None
b - Poisonous Vapours     Pois/Air       ###...       4%          2    ##.....
c - Mephitic Cloud        Conj/Pois/Air  ###.....     9%          3    ###....
d - Olgreb's Toxic Radia  Pois           ###.....     17%         4    ####...
e - Magic Dart            Conj           ###.         3%          1    None
f - Conjure Flame         Conj/Fire      #.......     22%         3    ###....

Your spell library contained the following spells:

 Spells                   Type           Power        Failure   Level  Hunger
 Blink                    Tloc           N/A          24%         2    ##.....
 Call Imp                 Summ           #.......     24%         2    ##.....
 Slow                     Hex            #.......     24%         2    ##.....
 Venom Bolt               Conj/Pois      ###.......   56%         5    ######.


Dungeon Overview and Level Annotations

Branches:
Dungeon (5/15)
 Temple: D:4-7

Altars:
Gozag
Nemelex Xobeh
Qazlal
Yredelemnul


Innate Abilities, Weirdness & Mutations

You have a beak for a mouth.
You have claws for feet.
You can fly continuously.


Message History

Casting: Poisonous Vapours (safe; 4% risk of failure)
Confirm with . or Enter, or press ? or * to list all spells.
Aiming: Poisonous Vapours (safe; 4% risk of failure)
Press: ? - help, Dir - move target cursor, f/p - centaur
Aim: a centaur, wielding a +0 shortbow (moderately wounded, poisoned) Poisonous vapours surround the centaur!
The giant cockroach zombie is engulfed in freezing vapours.
The giant cockroach zombie bites you.
The centaur looks even sicker.
The giant cockroach zombie is engulfed in freezing vapours.
Casting: Poisonous Vapours (safe; 4% risk of failure)
Confirm with . or Enter, or press ? or * to list all spells.
Aiming: Poisonous Vapours (safe; 4% risk of failure)
Press: ? - help, Dir - move target cursor, f/p - centaur
Aim: a centaur, wielding a +0 shortbow (severely wounded, poisoned) Poisonous vapours surround the centaur!
The centaur is engulfed in poison gas.
The centaur looks as sick as possible!
The centaur shoots an arrow.
The arrow hits you.
The giant cockroach zombie closely misses you.
The centaur shoots an arrow.
The arrow hits you!
You die...

######.#####.##...# #
##.....c#.# #.# # ...
..........###.#######..##.
........Z.................
##.....<#...#......###..#
...########.######(.(.♣
... #..######Zc♣♣♣♣ ♣ ..
##.[).(((.♣♣≈≈♣≈≈
##.....@.P≈P≈≈≈≈≈
+..........≈.≈≈≈≈
#........[.....≈.
##..(............
+...♣≈≈≈≈...≈...
#..♣≈≈≈≈≈≈≈≈≈≈≈≈
#.♣≈≈P≈≈≈≈≈≈≈PP≈
#.#≈≈≈≈≈≈≈≈≈≈≈≈≈
#.≈♣♣P≈≈≈≈≈≈≈≈


You could see a centaur and a giant cockroach zombie.

Vanquished Creatures
  An ogre (D:3)
  A bullfrog (D:4)
  An orc priest (D:3)
  5 orc wizards
  An iguana (D:4)
  Robin (D:3)
  3 gnolls (D:4)
  7 adders
  A shadow imp (D:2)
  An adder skeleton (D:3)
  6 worms
  4 dart slugs
  4 leopard geckos
  19 orcs
  2 ball pythons
  8 bats
  5 giant cockroaches
  24 goblins
  8 hobgoblins
  3 frilled lizards
  12 kobolds
  7 rats
124 creatures vanquished.

Notes
Turn   | Place    | Note
-------+----------+-------------------------------------------
     0 | D:1      | GimliDwarf the Tengu Venom Mage began the quest for the
                  | Orb.
     0 | D:1      | Reached XP level 1. HP: 10/10 MP: 4/4
   212 | D:1      | Reached XP level 2. HP: 15/15 MP: 0/6
   269 | D:1      | Learned a level 2 spell: Poisonous Vapours
  1095 | D:2      | Reached XP level 3. HP: 19/19 MP: 2/7
  1148 | D:2      | Learned a level 3 spell: Mephitic Cloud
  1177 | D:2      | Found a basalt altar of Yredelemnul.
  1556 | D:2      | Reached skill level 1 in Air Magic
  1682 | D:2      | Found a stormy altar of Qazlal.
  1691 | D:2      | Became a worshipper of Qazlal Stormbringer
  1877 | D:2      | Reached XP level 4. HP: 20/24 MP: 3/9
  2442 | D:2      | Found a sparkling altar of Nemelex Xobeh.
  3121 | D:3      | Reached skill level 4 in Poison Magic
  3121 | D:3      | Gained mutation: You can fly continuously. [Tengu growth]
  3121 | D:3      | Reached XP level 5. HP: 28/28 MP: 4/10
  3236 | D:2      | Reached * piety under Qazlal
  3442 | D:3      | Noticed Robin
  3450 | D:3      | Killed Robin
  4286 | D:3      | Noticed an ogre
  4292 | D:3      | Killed an ogre
  4292 | D:3      | Reached XP level 6. HP: 32/32 MP: 1/12
  4412 | D:3      | Found an opulent altar of Gozag.
  4414 | D:3      | Reached ** piety under Qazlal
  4681 | D:4      | Learned a level 4 spell: Olgreb's Toxic Radiance
  4683 | D:4      | Learned a level 1 spell: Magic Dart
  4798 | D:4      | Reached XP level 7. HP: 27/36 MP: 6/13
  4877 | D:4      | Reached skill level 5 in Poison Magic
  5257 | D:4      | Found the +6 shillelagh "Devastator" {shatter}
  5670 | D:4      | Learned a level 3 spell: Conjure Flame
  5671 | D:5      | Entered Level 5 of the Dungeon
  5860 | D:5      | Shot with an arrow by a centaur

Levels and vault maps discovered:
D:1:      psy_arrival_basics, layout_basic, minmay_misc_feat_plants
D:2:      layout_basic, grunt_qazlal_sundering, yredelemnul_altar_generic,
          chequers_serial_rivers_small_a, nemelex_spade_bored_becter
D:3:      layout_rooms, lemuel_round_altar, uniq_robin
D:4:      layout_basic, first_ration, kennysheep_boxes
D:5:      layout_basic, okawaru_ov_weapons_minmay, zin_angel,
          serial_bayou_ford_a, abandoned_shop, uniq_sigmund

Skill      XL: |  1  2  3  4  5  6  7 |
---------------+----------------------+-----
Air Magic      | 1 2 3 |  3.2
Conjurations   | 2 3 |  3.3
Spellcasting   | 3 4 |  4.2
Poison Magic   | 4 5 |  5.3
Dodging        | 3 |  3.7
Short Blades   | |  0.5
Stealth        | |  2.0
Fire Magic     | |  0.2

Action                   |  1- 3 |  4- 6 |  7- 9 || total
-------------------------+-------+-------+-------++-------
Melee: Short sword       |    21 |    36 |     8 ||    65
       Kick              |     3 |     9 |     2 ||    14
       Peck              |       |     4 |       ||     4
       Shillelagh        |       |       |     6 ||     6
Throw: Dart              |     3 |     3 |     3 ||     9
 Cast: Sting             |    27 |    33 |     8 ||    68
       Poisonous Vapours |    24 |    69 |    14 ||   107
       Mephitic Cloud    |       |     3 |       ||     3
       Olgreb's Toxic Ra |       |       |     6 ||     6
 Abil: Fly               |       |       |     1 ||     1
Evoke: Wand              |       |       |     1 ||     1
  Use: Scroll            |     2 |     6 |     3 ||    11
  Eat: Ration            |     2 |     3 |       ||     5
       Chunk             |       |     1 |     5 ||     6
Armor: Robe              |     2 |    13 |     5 ||    20
Dodge: Dodged            |    19 |    39 |    21 ||    79
Block: Other             |       |     3 |     2 ||     5
